 Dungeon Crawl Stone Soup version 0.31.0-32-g396128a36d (webtiles) character file.

Game seed: 13817758232654552001

95 booth the Trooper (level 4, -1/29 HPs)
             Began as a Gargoyle Monk on Mar 17, 2024.
             Was a Believer of Wu Jian.
             Slain by an iguana (12 damage)
             ... on level 4 of the Dungeon.
             The game lasted 00:13:38 (2837 turns).

booth the Trooper (Gargoyle Monk)                   Turns: 2837, Time: 00:13:39

Health: -1/29      AC:  7    Str: 16    XL:     4   Next: 65%
Magic:  4/4        EV: 12    Int: 11    God:    Wu Jian [**....]
Gold:   278        SH:  0    Dex: 12    Spells: 3/3 levels left

rFire   . . .        a - +0 mace
rCold   . . .        d - orb {light}
rNeg    + . .        m - +0 robe of the Skies Above {Will+++ rCorr Stlth- Archmagi}
rPois   ∞            s - +0 helmet
rElec   +            (no cloak)
rCorr   +            (no gloves)
SInv    .            r - +0 pair of boots
Will    ++++.        (no amulet) Stlth
                     l - ring of willpower
HPRegen 0.24/turn    (no ring)
MPRegen 0.09/turn

%: archmagi
@: glowing
A: sickness immunity, AC +3, negative energy resistance 1, electricity
resistance, torment resistance 1, petrification resistance
a: Renounce Religion, Wall Jump


You were on level 4 of the Dungeon.
You worshipped Wu Jian.
Wu Jian was pleased with you.
You visited 1 branch of the dungeon, and saw 4 of its levels.

You collected 278 gold pieces.

Inventory:

Hand Weapons
 a - a +0 mace (weapon)
Missiles
 h - 13 poisoned darts (quivered)
Armour
 d - an orb of light (worn)
 m - the +0 robe of the Skies Above (worn) {Will+++ rCorr Stlth- Archmagi}
   (You found it on level 2 of the Dungeon)

   Will+++:   It greatly increases your willpower.
   rCorr:     It protects you from acid and corrosion.
   Stlth-:    It makes you less stealthy.
   Archmagi:  It increases the power of your magical spells.
 r - a +0 pair of boots (worn)
 s - a +0 helmet (worn)
 t - a +0 ring mail
Jewellery
 l - a ring of willpower (left hand)
 q - a ring of flight
Wands
 v - a wand of roots (3)
Scrolls
 e - a scroll of vulnerability {unknown}
 f - 2 scrolls of teleportation
 g - a scroll of summoning {unknown}
 k - 3 scrolls of immolation {unknown}
 o - a scroll of revelation
Potions
 b - a potion of invisibility
 i - 2 potions of resistance
 j - a potion of brilliance
 n - a potion of berserk rage {unknown}
 p - a potion of heal wounds {unknown}
 u - a potion of lignification {unknown}


   Skills:
 + Level 4.0 Fighting
 * Level 4.0 Maces & Flails
 + Level 1.5 Armour
 + Level 2.9 Dodging


You had 3 spell levels left.
You didn't know any spells.
Your spell library was empty.

Dungeon Overview and Level Annotations

Branches:
Dungeon (4/15)
 Temple: D:4-7

Altars:
Makhleb
Ru
Wu Jian
Yredelemnul

Shops:
D:2 (*


Innate Abilities, Weirdness & Mutations

You are immune to sickness and miasma.
Your stone body is resilient. (AC +3)
You are immune to poison.
You resist negative energy. (rN+)
You are resistant to electric shocks. (rElec)
You are resistant to unholy torment.
You are immune to petrification.


Message History

a +0 dagger; 5 stones You now have 255 gold pieces (gained 15).
You now have 263 gold pieces (gained 8).
You now have 278 gold pieces (gained 15).
An iguana comes into view.
The iguana hisses angrily.
You lunge at the iguana.
You barely miss the iguana. The iguana bites you!
You hit the iguana.
The iguana is lightly wounded.
The iguana bites you.
You hit the iguana but do no damage.
The iguana is lightly wounded.
The iguana bites you!
* * * LOW HITPOINT WARNING * * *
The iguana bites you.
* * * LOW HITPOINT WARNING * * *
You are confused.
You feel invigorated. The iguana bites you.
* * * LOW HITPOINT WARNING * * *
You bump into the rock wall.
The iguana bites you.
* * * LOW HITPOINT WARNING * * *
You bump into the rock wall.
You feel less invigorated.
You feel less confused.
The iguana bites you but does no damage.
You hit the iguana but do no damage.
The iguana is lightly wounded.
The iguana barely misses you.
You barely miss the iguana.
The iguana is lightly wounded.
The iguana bites you but does no damage.
You hit the iguana but do no damage.
The iguana is lightly wounded.
The iguana barely misses you.
You hit the iguana but do no damage.
The iguana is lightly wounded.
The iguana closely misses you. The iguana barely misses you.
You hit the iguana but do no damage.
The iguana is lightly wounded.
The iguana bites you!
You die...

.# .# #..### #.## .# #....
.... .# #...# ... # .# #...#
..## .# .# #...# ...#... ##
#...# .....^# ### #...#
######.......
..#######...####@l..........
#..................##.......
.....<.............# .......
..........(.......># .#.###.
..#######...######## .#.#
..# #...# .. . ..# #...# ##
# ### #...# #######...#


You could see an iguana.

Vanquished Creatures
  3 adders
  2 dart slugs (D:3)
  A ribbon worm (D:3)
  5 bats (D:1)
  6 endoplasms
  A giant cockroach (D:2)
  4 hobgoblins
  7 jackals
  4 quokkas
  3 ball pythons
  3 frilled lizards
  5 goblins
  9 kobolds
  5 rats
58 creatures vanquished.

Notes
Turn   | Place    | Note
-------+----------+-------------------------------------------
     0 | D:1      | booth the Gargoyle Monk began the quest for the Orb.
     0 | D:1      | Reached XP level 1. HP: 14/14 MP: 1/1
   268 | D:1      | Reached XP level 2. HP: 19/19 MP: 2/2
   903 | D:2      | Reached XP level 3. HP: 10/24 MP: 3/3
  1027 | D:2      | Reached skill level 1 in Armour
  1119 | D:2      | Reached XP level 4. HP: 27/29 MP: 4/4
  1226 | D:2      | Found an ornate altar of the Wu Jian Council.
  1306 | D:2      | Found Hiag Eju's Assorted Antiques.
  1365 | D:2      | Identified the +0 robe of the Skies Above {Will+++ rCorr
                  | Stlth- Archmagi}
  1448 | D:2      | Found Keoll's Antique Weapon Shop.
  1870 | D:3      | Found a burning altar of Makhleb.
  1976 | D:3      | Found a faded altar of an unknown god.
  2152 | D:3      | Found a sacrificial altar of Ru.
  2217 | D:3      | Found a basalt altar of Yredelemnul.
  2465 | D:2      | Became a worshipper of the Wu Jian Council
  2465 | D:2      | Reached * piety under Wu Jian
  2465 | D:2      | Reached ** piety under Wu Jian
  2837 | D:4      | Slain by an iguana

Illustrated notes

Levels and vault maps discovered:
D:1:      amcnicky_arrival_double_pillar, layout_loops_cross
D:2:      layout_basic, basic_altar, serial_shops, shop,
          nicolae_shop_advertising_works [nicolae_subvault_shop_adworks],
          minmay_hexomino_c4
D:3:      layout_loops_ring, mainiacjoe_overflow_alcove_1,
          nicolae_overflow_crystal_walls, mainiacjoe_overflow_cross_hatched,
          basic_ecumenical_altar
D:4:      layout_loops_cross, uniq_pikel

Skill      XL: |  1  2  3  4 |
---------------+-------------+-----
Armour         | 1 |  1.5
Fighting       | 4 |  4.0
Maces & Flails | 4 |  4.0
Dodging        | |  2.9

Action                     |  1- 3 |  4- 6 || total
---------------------------+-------+-------++-------
  Melee: Mace              |    81 |    65 ||   146
  Throw: Dart              |     1 |       ||     1
Ability: Whirlwind         |       |     3 ||     3
         Lunge             |       |     2 ||     2
    Use: Scroll            |     3 |     3 ||     6
         Potion            |       |     1 ||     1
 Armour: Robe              |    49 |    42 ||    91
  Dodge: Dodged            |    46 |    30 ||    76
